Unix NetHack Version 3.7.0-53 Work-in-progress - last build Apr 1 2022 12:02:44 (7e311aa8f678825fd515f266b121b8a7a7199ace,branch:master). Game began 2022-04-02 16:55:30, ended 2022-04-02 19:53:34. elenmirie, neutral female human Tourist ----- ----- ------ |..(-## ##%#....| |(...| |...| #### # |...| |....| |\.. # # |..<.# |....-########## -|-- # [ ---.-## |....| ## ## ------### # # ---.-- # ######[######.....|# ### # # ########## #####|....|# # ## # % --.------ .....|# -.--- ## # # ........| |.....# |....## # ------ # ## |.......| ------ |.>.| ####|F:Go| # ## |.......| |...| ##.x.@o| # ####### --------- |...| |..oo| ---.-------# # ----- ------ |..........### |........%|## |..........# |.........| ----------- Elenmirie the Sightseer St:12 Dx:11 Co:17 In:15 Wi:8 Ch:14 Neutral Dlvl:5 $:0 HP:0(37) Pw:19(19) AC:5 Xp:5/187 T:3348 Burdened Latest messages: The homunculus bites! You miss the homunculus. The homunculus bites! You miss the homunculus. The homunculus bites! You hit the homunculus. The homunculus bites! The homunculus bites! You hit the homunculus. The homunculus reads a scroll called 200 dua! A gecko suddenly appears next to you! A gnome lady suddenly appears next to you! A grid bug suddenly appears next to you! A lichen suddenly appears close by! A giant rat suddenly appears close by! A hill orc suddenly appears next to you! A hill orc suddenly appears next to you! A hill orc suddenly appears next to you! A hill orc suddenly appears close by! A hill orc suddenly appears close by! A hill orc suddenly appears next to you! What do you want to zap? [hijS or ?*] S In what direction? h You kill the homunculus! Welcome to experience level 5. You kill the hill orc! You kill the hill orc! The hill orc wields a crude dagger! The hill orc misses! The hill orc hits! The gnome lady hits! The gecko bites! You feel more confident in your weapon skills. You kill the giant rat! The hill orc wields a crude dagger! The hill orc thrusts his crude dagger. The hill orc misses! The hill orc hits! The gnome lady hits! The gecko bites! The hill orc thrusts his crude dagger. The hill orc hits! The hill orc thrusts his crude dagger. The hill orc hits! You die... Do you want your possessions identified? [ynq] (y) y Do you want to see your attributes? [ynq] (y) y Do you want an account of creatures vanquished? [ynaq] (y) y Do you want to see your conduct and achievements? [ynq] (y) y Do you want to see the dungeon overview? [ynq] (y) y Major events: Turn 1: elenmirie the neutral female human Tourist entered the dungeon 810: attained the rank of Sightseer (level 3) 2115: entered the Gnomish Mines 3348: killed by a hill orc Inventory: Weapons a - 31 uncursed +2 darts (at the ready) r - 13 uncursed +0 darts E - an uncursed +0 katana (weapon in hand) Armor t - an uncursed +0 orcish helm (being worn) V - an uncursed +0 pair of low boots (being worn) o - an uncursed burnt +0 elven cloak (being worn) k - an uncursed +0 Hawaiian shirt with a ukulele motif (being worn) X - an uncursed +0 studded leather armor (being worn) Comestibles f - an uncursed cream pie d - 3 uncursed food rations Z - an uncursed lembas wafer c - 3 uncursed sprigs of wolfsbane K - 3 uncursed tripe rations b - an uncursed homemade tin of goblin meat Rings y - an uncursed ring of poison resistance Wands j - an uncursed wand of create monster (0:11) S - a blessed wand of fire (0:3) i - a blessed wand of polymorph (0:5) h - an uncursed wand of slow monster (0:5) Tools w - an uncursed sack containing 15 items x - an uncursed blindfold T - an uncursed oil lamp O - an uncursed +0 pick-axe e - an uncursed skeleton key Contents of the sack: 246 gold pieces an uncursed scroll of enchant weapon an uncursed scroll of gold detection a blessed scroll of identify an uncursed scroll of light 4 uncursed scrolls of magic mapping a cursed scroll of punishment an uncursed scroll of teleportation a blessed potion of extra healing an uncursed potion of extra healing an uncursed potion of gain ability an uncursed potion of gain energy an uncursed potion of healing an uncursed potion of see invisible an uncursed potion of speed Elenmirie the Tourist's attributes: Background: You were a Sightseer, a level 5 female human Tourist. You were neutral, on a mission for The Lady who was opposed by Blind Io (lawful) and Offler (chaotic). You were in the Dungeons of Doom, on level 5. You entered the dungeon 3348 turns ago. There was a new moon in effect when your adventure ended. You had 187 experience points, 133 more were needed to attain level 6. Basics: You had 0 out of 37 hit points. You had all 19 energy points (spell power). Your armor class was 5. Your wallet was empty. Autopickup was on for '$' plus thrown. Final Characteristics: Your strength was 12 (limit:18/100). Your dexterity was 11 (limit:18). Your constitution was 17 (limit:18). Your intelligence was 15 (limit:18). Your wisdom was 8 (limit:18). Your charisma was 14 (limit:18). Final Status: You were not hungry. You were burdened; movement was slightly slowed. You were wielding a long sword. You were unskilled in long sword and could have enhanced that. Final Attributes: You were piously aligned. You were stealthy. You were warded. You are dead. Miscellaneous: You never encountered a bones level. Total elapsed playing time was 1 hour and 34 minutes. Vanquished creatures: a shrieker a kobold mummy a little dog a homunculus 4 hill orcs a dwarf zombie an iguana 2 gas spores a hobgoblin a giant rat a cave spider a yellow mold 3 gnomes 3 geckos 3 jackals a fox 2 kobolds 3 goblins 3 grid bugs a bat 2 lichens 6 newts 43 creatures vanquished. No species were genocided or became extinct. Voluntary challenges: You read items or engraved 4 times. You never engraved Elbereth. You never genocided any monsters. You never polymorphed an object. You never changed form. You used no wishes. Achievements: You attained the rank of Sightseer. You entered a shop. You entered the Gnomish Mines. The Dungeons of Doom: levels 1 to 5 Level 1: A grave. Level 2: Level 3: A shop, a fountain. Level 4: A potion shop, a fountain. Stairs down to The Gnomish Mines. Level 5: <- You were here. A throne. Final resting place for you, killed by a hill orc. The Gnomish Mines: Level 5: Game over: ---------- / \ / REST \ / IN \ / PEACE \ / \ | elenmirie | | 246 Au | | killed by a hill | | orc | | | | | | 2022 | *| * * * | * _________)/\\_//(\/(/\)/\//\/|_)_______ Aloha elenmirie the Tourist... You died in The Dungeons of Doom on dungeon level 5 with 978 points, and 246 pieces of gold, after 3348 moves. You were level 5 with a maximum of 37 hit points when you died.